Map: 파라 사이트 - 래더

Players

GuMiho - Winner!

  • Race: Terran Terran
  • League: Grandmaster
  • Spawn Location: 11:00

Hurricane

  • Race: Protoss Protoss
  • League: Master
  • Spawn Location: 5:00

Event: IEM Season 13 - Katowice Server Qualifiers Asia 2

VOD

Have the link to the VOD?

Description

Time

  • Played on: Jan. 22, 2019, 6:24 a.m.
  • Length: 16:11

All games in this series

Show
View Real Time Build Order
Export as new Build Order

GuMiho Terran - Winner!

Build Orders: Reaper Expand 

Get SALT Encoding   

  12  0:00  SCV  
  13  0:12  SCV  
  14  0:17  Supply Depot  
  14  0:24  SCV  
  15  0:38  SCV  
  15  0:39  Barracks  
  15  0:42  Refinery  
  16  0:50  SCV  
  17  1:03  SCV  
  18  1:15  SCV  
  19  1:27  Reaper, Orbital Command  
  20  1:39  Command Center  
  20  1:48  Supply Depot  
  20  1:52  SCV  
  21  1:59  Marine  
  22  2:04  SCV  
  22  2:07  Factory  
  23  2:12  Refinery  
  23  2:17  SCV  
  23  2:18  Barracks Tech Lab  
  24  2:29  SCV  
  25  2:37  Marauder  
  27  2:41  SCV  
  28  2:53  SCV, Hellion  
  28  2:54  Orbital Command  
  28  2:58  Marauder  
  33  3:05  SCV  
  34  3:07  Starport  
  33  3:15  Hellion  
  33  3:17  SCV  
  33  3:19  Marauder  
  38  3:21  Concussive Shells  
  38  3:25  SCV  
  39  3:27  Supply Depot  
  39  3:29  SCV  
  40  3:36  Hellion  
  40  3:37  SCV  
  40  3:41  Marauder, SCV  
  46  3:49  Medivac  
  46  3:51  SCV, Supply Depot  
  46  3:53  SCV  
  46  3:55  Barracks  
  50  3:59  Factory Tech Lab  
  50  4:03  SCV  
  50  4:05  SCV  
  50  4:06  Supply Depot  
  50  4:08  Stimpack  
  52  4:14  Barracks  
  52  4:15  SCV  
  53  4:21  Siege Tank  
  57  4:24  SCV  
  57  4:28  SCV  
  57  4:36  SCV  
  58  4:40  SCV  
  58  4:42  Marine  
  58  4:48  Marine, SCV  
  58  4:49  Viking  
  58  4:51  Bunker  
  58  4:52  Refinery x2, SCV  
  59  4:56  Siege Tank  
  62  5:01  SCV  
  62  5:04  SCV  
  64  5:10  Barracks Tech Lab  
  64  5:11  Marine, Barracks Reactor  
  64  5:13  SCV, Supply Depot  
  66  5:16  SCV  
  66  5:19  Engineering Bay  
  66  5:21  Starport Reactor  
  67  5:27  Supply Depot  
  67  5:28  Combat Shield  
  67  5:29  Supply Depot  
  67  5:32  Marine x2  
  67  5:34  SCV  
  67  5:35  SCV  
  68  5:47  Missile Turret  
  60  5:55  SCV x2  
  61  6:02  Marine x4  
  64  6:07  Missile Turret  
  64  6:08  SCV x2  
  64  6:10  Terran Infantry Weapons Level 1  
  65  6:12  Missile Turret  
  65  6:19  Marine x2  
  65  6:20  Marine x2  
  69  6:30  Supply Depot  
  69  6:31  SCV x2, Supply Depot  
  71  6:37  Marine x2  
  71  6:38  Marauder x2  
  77  6:42  Supply Depot x2  
  77  6:43  SCV x2  
  79  6:56  Barracks  
  79  6:57  Medivac  
  79  7:00  Barracks  
  81  7:02  Medivac  
  81  7:06  SCV x2  
  85  7:09  Factory Reactor  
  85  7:11  Marauder  
  85  7:13  Marauder  
  89  7:18  Marine  
  90  7:25  SCV x2  
  90  7:26  Marine  
  91  7:33  Marauder, Medivac x2  
  97  7:41  Supply Depot x2  
  97  7:45  Marine x2, Marauder  
  100  7:57  Marauder, Barracks Tech Lab  
  100  7:58  Marauder  
  104  8:05  Command Center  
  104  8:07  Terran Infantry Armor Level 1  
  104  8:10  Marauder  
  108  8:13  Widow Mine  
  108  8:15  Widow Mine  
  108  8:16  Marine x2  
  108  8:19  SCV  
  112  8:29  Marine, Marauder x2  
  112  8:31  Marine  
  120  8:34  Widow Mine  
  120  8:38  Marine x2  
  122  8:41  Medivac  
  122  8:45  Medivac  
  122  8:47  Marauder  
  127  8:49  Marauder, SCV x2  
  127  8:51  Supply Depot  
  127  8:53  Supply Depot  
  131  9:01  Widow Mine  
  133  9:11  Marine  
  133  9:12  Marine  
  133  9:13  Marauder x3  
  133  9:15  Marauder, Widow Mine  
  133  9:16  Supply Depot  
  145  9:19  SCV x2  
  143  9:43  Marine x2, Marauder x2  
  143  9:44  Marine x2  
  143  9:46  Widow Mine x2  
  146  9:56  Medivac  
  146  9:58  Orbital Command  
  146  9:59  Medivac  
  150  10:01  Marine x2  
  150  10:03  Marauder x2  
  150  10:04  Marauder  
  150  10:06  Armory  
  154  10:16  Marauder  
  154  10:19  Marine x2  
  156  10:23  Widow Mine x2  
  156  10:24  Marine, Marauder  
  147  10:39  Marine x2, Marauder x2  
  147  10:40  Medivac  
  147  10:41  Medivac  
  149  10:45  Widow Mine x2  
  152  10:53  Marauder, Liberator x2  
  152  10:54  Marauder  
  146  10:57  Marine x2  
  146  11:03  Missile Turret  
  135  11:05  Terran Infantry Weapons Level 2  
  135  11:07  Engineering Bay  
  135  11:08  SCV x3  
  144  11:19  Ghost Academy  
  144  11:20  SCV x3  
  153  11:32  Marauder x2  
  153  11:33  Marauder x2  
  153  11:34  Terran Infantry Armor Level 2  
  155  11:43  Command Center  
  155  11:45  Supply Depot  
  155  11:49  Marine x2  
  157  11:55  Personal Cloaking  
  157  12:04  Ghost x2  
  157  12:06  Refinery, Ghost  
  163  12:10  Refinery, Ghost  
  163  12:11  Marine  
  163  12:13  Liberator  
  166  12:22  Marine  
  166  12:28  Liberator  
  167  12:49  Marine x6  
  170  12:56  Barracks  
  170  12:58  Barracks  
  170  13:10  Missile Turret  
  170  13:11  Terran Ship Weapons Level 1  
  170  13:14  Marine x3, Marauder x3  
  178  13:20  Barracks  
  178  13:28  Planetary Fortress  
  178  13:29  Liberator x2  
  174  13:38  Marine x3, Marauder x3  
  189  13:48  Barracks Tech Lab  
  185  13:55  Marine  
  185  13:56  Marauder  
  185  13:59  Marauder  
  170  14:30  Marine x3, Marauder  
  170  14:31  Marine x3, Marauder  
  160  14:34  Marauder  
  128  14:48  Marine x3  
  128  14:49  Marine, Marauder  
  128  14:50  Marauder  
  128  14:51  Marine x2  
  125  14:55  Marine, Widow Mine x2, Medivac x2  
  133  15:06  Marine x3  
  136  15:10  Marine x3, Marauder x2  
  136  15:13  Marine  
  144  15:19  Orbital Command  
  138  15:24  Marine x2, Widow Mine  
  138  15:25  Widow Mine  
  142  15:28  Marine x2  
  142  15:29  Barracks Reactor  
  142  15:30  Barracks Reactor  
  142  15:31  Marauder  
  145  15:36  Missile Turret  
  151  15:52  SCV x3  
Show
View Real Time Build Order
Export as new Build Order

Hurricane Protoss 

Build Orders: 1 Gate Expand, Archon Immortal, Dark Templar Rush 

Get SALT Encoding   

  12  0:00  Probe  
  13  0:12  Probe  
  14  0:18  Pylon  
  14  0:24  Probe  
  15  0:32  Probe  
  15  0:37  Gateway  
  15  0:40  Probe  
  16  0:46  Assimilator  
  17  0:51  Probe  
  18  1:03  Probe  
  19  1:15  Probe  
  20  1:22  Nexus  
  20  1:32  Cybernetics Core  
  20  1:35  Probe  
  21  1:40  Assimilator  
  21  1:47  Probe  
  21  1:50  Pylon  
  22  1:59  Probe, Adept  
  23  2:11  Probe  
  23  2:12  Warp Gate  
  26  2:24  Probe  
  26  2:28  Robotics Facility  
  26  2:29  Stalker  
  29  2:33  Probe x2  
  31  2:41  Probe x2  
  31  2:50  Probe x2  
  34  3:02  Probe  
  34  3:03  Probe  
  34  3:10  Twilight Council  
  34  3:11  Probe  
  34  3:12  Sentry  
  37  3:14  Probe  
  37  3:17  Observer  
  40  3:20  Probe, Pylon  
  40  3:26  Probe  
  42  3:32  Probe  
  43  3:38  Probe  
  43  3:41  Gateway  
  44  3:42  Gateway  
  44  3:44  Probe, Immortal  
  44  3:47  Dark Shrine  
  45  3:50  Probe  
  48  3:58  Assimilator  
  48  4:01  Warp Prism  
  46  4:03  Probe x2  
  46  4:08  Assimilator  
  50  4:14  Stalker  
  50  4:16  Pylon  
  53  4:17  Probe  
  48  4:36  Stalker x2  
  48  4:37  Immortal  
  52  4:44  Probe x2  
  47  4:52  Probe x2  
  50  5:00  Probe x2  
  52  5:13  Probe, Pylon  
  53  5:15  Probe  
  53  5:20  Dark Templar x2  
  58  5:22  Dark Templar  
  58  5:27  Probe  
  58  5:28  Probe  
  62  5:33  Pylon  
  62  5:44  Probe x2  
  62  6:01  Dark Templar x2  
  62  6:03  Probe x2  
  66  6:16  Probe  
  67  6:19  Probe, Forge  
  67  6:21  Charge  
  68  6:27  Immortal  
  68  6:28  Probe  
  68  6:30  Gateway  
  73  6:33  Gateway  
  73  6:34  Probe  
  73  6:35  Observer  
  73  6:39  Gateway  
  72  6:40  Probe  
  72  6:41  Protoss Ground Armor Level 1  
  72  6:44  Sentry, Gateway  
  72  6:45  Sentry  
  77  6:48  Pylon  
  77  7:01  Pylon  
  77  7:03  Templar Archives  
  77  7:07  Immortal  
  81  7:15  Zealot x2  
  85  7:20  Pylon  
  85  7:22  Pylon  
  85  7:24  Psionic Storm  
  85  7:30  Pylon  
  84  7:39  Disruptor  
  84  7:41  Pylon  
  84  7:42  Observer  
  84  7:44  High Templar  
  84  7:47  Pylon  
  84  7:48  Observer, Probe x2  
  88  7:55  High Templar  
  88  7:56  Pylon  
  88  7:58  Nexus  
  88  8:02  Observer  
  89  8:10  Zealot x2  
  89  8:11  Dark Templar x2  
  97  8:16  Archon  
  97  8:19  Zealot x2  
  101  8:25  Probe x2  
  101  8:27  Protoss Ground Weapons Level 1  
  101  8:37  Probe, Zealot  
  101  8:38  Zealot x2  
  101  8:40  Zealot x2  
  108  8:45  Observer  
  108  8:46  Stalker  
  111  8:49  Probe x2  
  111  8:55  Dark Templar  
  115  8:57  Observer  
  115  9:01  Probe  
  114  9:11  Probe, High Templar x2  
  114  9:13  Probe, Assimilator  
  114  9:14  Assimilator  
  120  9:23  Probe  
  121  9:25  Probe  
  121  9:30  Zealot x4  
  124  9:34  Zealot  
  124  9:35  Probe  
  124  9:37  Probe  
  119  9:48  Probe  
  119  9:50  Blink  
  119  9:51  Archon  
  119  9:54  Stalker x2  
  119  9:55  High Templar, Zealot x4  
  119  9:59  Pylon  
  133  10:01  Pylon  
  133  10:12  Assimilator  
  133  10:13  Pylon  
  125  10:15  Shield Battery  
  125  10:17  High Templar x2  
  127  10:23  Zealot x3  
  127  10:33  Archon  
  127  10:34  Zealot x2  
  117  10:39  Probe  
  117  10:40  Probe  
  98  10:48  Zealot x3  
  102  10:52  Probe  
  102  10:54  Protoss Ground Armor Level 2  
  102  10:56  Immortal  
  97  10:59  Archon  
  97  11:02  High Templar x2, Zealot  
  97  11:03  Zealot  
  103  11:08  Gateway  
  103  11:09  Pylon  
  103  11:15  Probe  
  103  11:16  Probe, Pylon  
  103  11:17  Assimilator  
  105  11:18  High Templar  
  105  11:20  Photon Cannon  
  105  11:22  Shield Battery  
  105  11:24  Nexus  
  107  11:28  Probe  
  108  11:33  Warp Prism  
  108  11:35  Probe  
  111  11:40  Probe, Robotics Bay  
  111  11:46  High Templar, Pylon  
  114  11:49  Shield Battery  
  114  11:52  Zealot  
  114  11:53  Zealot  
  118  11:57  Pylon  
  118  11:58  High Templar, Zealot  
  122  12:01  Immortal  
  120  12:09  High Templar, Zealot  
  128  12:18  Zealot x2  
  128  12:20  High Templar  
  128  12:22  Probe x2  
  136  12:25  Assimilator  
  136  12:34  Probe x2  
  136  12:35  Stalker  
  136  12:36  Stalker  
  139  12:38  Probe  
  139  12:40  Assimilator  
  130  12:45  Colossus, Stalker  
  130  12:46  Probe x2  
  130  12:49  Extended Thermal Lance  
  130  12:50  Probe  
  135  12:51  High Templar  
  143  13:11  Robotics Facility  
  143  13:13  Forge  
  141  13:21  Probe  
  141  13:22  Probe  
  141  13:31  Colossus  
  147  13:43  Stalker x3  
  147  13:44  Zealot x4  
  147  13:47  Probe x2  
  161  14:00  Archon  
  149  14:09  Archon  
  147  14:10  Stalker x2  
  147  14:11  Stalker x5  
  147  14:13  High Templar  
  137  14:33  Zealot  
  137  14:34  Zealot x6  
  141  14:39  Colossus  
  109  14:49  Stalker  
  89  14:55  High Templar x6  
  89  14:56  Zealot  
  89  14:57  Probe x4  
  101  15:01  Archon x3  
  101  15:09  Stalker  
  101  15:12  Stalker  
  100  15:22  Zealot x6  
  106  15:31  High Templar  
  108  15:38  Nexus  
  108  15:42  High Templar x3  
  112  15:44  Sentry  
  112  15:45  High Templar  
  112  15:46  High Templar  
  120  15:52  Pylon  

Tags
 
Add a new tag
Caveats
  • Supply blocks, unpowered buildings, or Contaminate may cause inaccurate times.
  • Supply counts are checked every 10 seconds.